BSA
SPRINGFIELD STARS @ SAN FRANCISCO BANDITS
06/11/2030
 
TOP OF THE 1ST
Springfield Stars batting - Pitching for San Francisco Bandits : RHP Jae-hyun Ch'oe
Pitching: RHP Jae-hyun Ch'oe
Batting: RHB Norberto Taváres 0-0: Ball
1-0: Ball
2-0: Ball
3-0: Base on Balls
Batting: LHB Jesús Tobías 0-0: Ball
1-0: SINGLE (Groundball, 4MD)
Norberto Taváres to second
Batting: LHB Derek Davidson 0-0: Called Strike
0-1: 3-RUN HOME RUN (Flyball, 9LD), Distance : 314 ft
Batting: LHB Felipe Guerrero 0-0: Ball
1-0: Ball
2-0: Ball
3-0: Base on Balls
Batting: LHB Elliott Newell 0-0: Foul Ball, location: 2F
0-1: Grounds into double play, 5-4-3 (Groundball, 56)
Batting: RHB Calvin Bennett 0-0: Foul Ball, location: 2F
0-1: Ball
1-1: Foul Ball, location: 2F
1-2: Fly out, F3 (Popup, 3SF)
Top of the 1st over - 3 runs, 2 hits, 0 errors, 0 left on base; Springfield 3 - San Francisco 0
BOTTOM OF THE 1ST
San Francisco Bandits batting - Pitching for Springfield Stars : LHP Marcos Flores
Pitching: LHP Marcos Flores
Batting: RHB Javier Ramírez 0-0: Ball
1-0: Ball
2-0: Ball
3-0: Called Strike
3-1: Base on Balls
Batting: RHB Jeff Packard 0-0: Ball
1-0: Ball
2-0: SINGLE (Line Drive, 7LM)
Javier Ramírez to second
Batting: LHB Chris Austin 0-0: Called Strike
0-1: Swinging Strike
0-2: Ball
1-2: Ball
2-2: Strikes out looking
Batting: RHB Owen Carter 0-0: DOUBLE (Line Drive, 8LD)
Javier Ramírez scores
Jeff Packard to third
Batting: LHB Alan McGilroy 0-0: Called Strike
0-1: Ball
1-1: Ground out 4-3 (Groundball, 34D)
Jeff Packard scores
Owen Carter to third
Batting: RHB Peter Bishop 0-0: Ball
1-0: Called Strike
1-1: SINGLE (Groundball, 56D)
Owen Carter scores
Batting: RHB Michael Elliott 0-0: Called Strike
0-1: Called Strike
0-2: Ball
1-2: Ball
2-2: Ground out 4-3 (Groundball, 4MS)
Bottom of the 1st over - 3 runs, 3 hits, 0 errors, 1 left on base; Springfield 3 - San Francisco 3
TOP OF THE 2ND
Springfield Stars batting - Pitching for San Francisco Bandits : RHP Jae-hyun Ch'oe
Batting: SHB António De La Cruz 0-0: Called Strike
0-1: Foul Ball, location: 2F
0-2: Ball
1-2: Foul Ball, location: 2F
1-2: Ball
2-2: SINGLE (Flyball, 89S)
Batting: RHB Gabriel Erwin 0-0: Called Strike
0-1: Fly out, F7 (Flyball, 7S)
Batting: RHB Juan Carlos Rodríguez 0-0: Grounds into double play, 5-4-3 (Groundball, 56)
Top of the 2nd over - 0 runs, 1 hit, 0 errors, 0 left on base; Springfield 3 - San Francisco 3
BOTTOM OF THE 2ND
San Francisco Bandits batting - Pitching for Springfield Stars : LHP Marcos Flores
Batting: RHB Dale Taylor 0-0: Ball
1-0: Called Strike
1-1: Foul Ball, location: 2F
1-2: Ball
2-2: Foul Ball, location: 2F
2-2: Foul Ball, location: 2F
2-2: Ball
3-2: Foul Ball, location: 2F
3-2: Strikes out swinging
Batting: RHB Lorenzo Mota 0-0: Foul Ball, location: 2F
0-1: Called Strike
0-2: Ball
1-2: Ball
2-2: Ball
3-2: Foul Ball, location: 2F
3-2: Base on Balls
Batting: RHB Javier Ramírez 0-0: Ball
1-0: Foul Ball, location: 2F
1-1: Ball
Throwing error on steal attempt, E2
Lorenzo Mota to third
2-1: Ball
3-1: Called Strike
3-2: Foul Ball, location: 2F
3-2: Fly out, F9 (Flyball, 89D)
Runner from 3rd tags up, SCORES, throw made
Batting: RHB Jeff Packard 0-0: Fly out, F8 (Flyball, 8LM)
Bottom of the 2nd over - 1 run, 0 hits, 1 error, 0 left on base; Springfield 3 - San Francisco 4
TOP OF THE 3RD
Springfield Stars batting - Pitching for San Francisco Bandits : RHP Jae-hyun Ch'oe
Batting: RHB Norberto Taváres 0-0: Ball
1-0: Ball
2-0: Ground out 4-3 (Groundball, 4)
Batting: LHB Jesús Tobías 0-0: SINGLE (Flyball, 8RS)
Batting: LHB Derek Davidson 0-0: Ball
1-0: Called Strike
1-1: Ball
2-1: Called Strike
2-2: SINGLE (Groundball, 6MD)
Jesús Tobías to second
Runner from 2nd tries for 3rd, SAFE, no throw
Batting: LHB Felipe Guerrero 0-0: Swinging Strike
0-1: Ball
1-1: Swinging Strike
1-2: Strikes out swinging
Batting: LHB Elliott Newell 0-0: Ball
1-0: DOUBLE (Flyball, 8LD)
Jesús Tobías scores
Derek Davidson to third
Batting: RHB Calvin Bennett 0-0: Ball
1-0: Called Strike
1-1: Ball
2-1: Foul Ball, location: 2F
2-2: Strikes out swinging
Top of the 3rd over - 1 run, 3 hits, 0 errors, 2 left on base; Springfield 4 - San Francisco 4
BOTTOM OF THE 3RD
San Francisco Bandits batting - Pitching for Springfield Stars : LHP Marcos Flores
Batting: LHB Chris Austin 0-0: Ball
1-0: Ball
2-0: Called Strike
2-1: Called Strike
2-2: Ground out 6-3 (Groundball, 6D)
Batting: RHB Owen Carter 0-0: Called Strike
0-1: Ball
1-1: SINGLE (Line Drive, 56D)
Batting: LHB Alan McGilroy 0-0: Ball
1-0: Foul Ball, location: 2F
1-1: Ball
2-1: Ball
3-1: Grounds into double play, 6-4-3 (Groundball, 6)
Bottom of the 3rd over - 0 runs, 1 hit, 0 errors, 0 left on base; Springfield 4 - San Francisco 4
TOP OF THE 4TH
Springfield Stars batting - Pitching for San Francisco Bandits : RHP Jae-hyun Ch'oe
Batting: SHB António De La Cruz 0-0: Called Strike
0-1: Ball
1-1: Foul Ball, location: 2F
1-2: Ball
2-2: Foul Ball, location: 2F
2-2: Strikes out swinging
Batting: RHB Gabriel Erwin 0-0: Fly out, F7 (Flyball, 7LS)
Batting: RHB Juan Carlos Rodríguez 0-0: Called Strike
0-1: Ball
1-1: Ball
2-1: Swinging Strike
2-2: Fly out, F7 (Flyball, 7D)
Top of the 4th over - 0 runs, 0 hits, 0 errors, 0 left on base; Springfield 4 - San Francisco 4
BOTTOM OF THE 4TH
San Francisco Bandits batting - Pitching for Springfield Stars : LHP Marcos Flores
Batting: RHB Peter Bishop 0-0: SINGLE (Line Drive, 7LS)
Batting: RHB Michael Elliott 0-0: Ball
1-0: Ball
2-0: Grounds into double play, 6-4-3 (Groundball, 6)
Batting: RHB Dale Taylor 0-0: Ball
1-0: Swinging Strike
1-1: Ball
2-1: Foul Ball, location: 2F
2-2: SINGLE (Line Drive, 78S)
Batting: RHB Lorenzo Mota 0-0: Ball
1-0: Ball
2-0: Called Strike
2-1: Ball
3-1: Foul Ball, location: 2F
3-2: Fly out, F9 (Flyball, 89D)
Bottom of the 4th over - 0 runs, 2 hits, 0 errors, 1 left on base; Springfield 4 - San Francisco 4
TOP OF THE 5TH
Springfield Stars batting - Pitching for San Francisco Bandits : RHP Jae-hyun Ch'oe
Batting: RHB Norberto Taváres 0-0: Ball
1-0: Ball
2-0: Called Strike
2-1: Bunted foul
2-2: Ball
3-2: Ground out 6-3 (Groundball, 6)
Batting: LHB Jesús Tobías 0-0: Ball
1-0: Ball
2-0: Ball
3-0: Base on Balls
Batting: LHB Derek Davidson 0-0: Ball
1-0: Foul Ball, location: 2F
1-1: Swinging Strike
1-2: SINGLE (Line Drive, 34D)
Jesús Tobías to second
Batting: LHB Felipe Guerrero 0-0: Called Strike
0-1: Foul Ball, location: 2F
0-2: Foul Ball, location: 2F
0-2: Ball
1-2: Ball
2-2: Foul Ball, location: 2F
2-2: Ball
3-2: Foul Ball, location: 2F
3-2: Foul Ball, location: 2F
3-2: Ground out 5-3 (Groundball, 2L)
Jesús Tobías to third
Derek Davidson to second
Batting: LHB Elliott Newell 0-0: Ball
1-0: Foul Ball, location: 2F
1-1: SINGLE (Flyball, 7S)
Jesús Tobías scores
Derek Davidson to third
Batting: RHB Calvin Bennett 0-0: Ball
1-0: Called Strike
1-1: Called Strike
1-2: Ball
2-2: Fly out, F7 (Flyball, 78S)
Top of the 5th over - 1 run, 2 hits, 0 errors, 2 left on base; Springfield 5 - San Francisco 4
BOTTOM OF THE 5TH
San Francisco Bandits batting - Pitching for Springfield Stars : LHP Marcos Flores
Batting: RHB Javier Ramírez 0-0: Foul Ball, location: 2F
0-1: Ball
1-1: Called Strike
1-2: Ball
2-2: SOLO HOME RUN (Flyball, 7LD), Distance : 371 ft
Batting: RHB Jeff Packard 0-0: Ball
1-0: Foul Ball, location: 2F
1-1: SINGLE (Flyball, 9LM)
Pitching: RHP Hyo-chin Ch'oe
Batting: LHB Chris Austin 0-0: Fly out, F7 (Flyball, 78D)
Batting: RHB Owen Carter 0-0: Ball
1-0: Called Strike
1-1: Ball
2-1: Foul Ball, location: 2F
2-2: Strikes out swinging
Batting: LHB Alan McGilroy 0-0: Foul Ball, location: 2F
0-1: SINGLE (Flyball, 78S)
Jeff Packard to second
Batting: RHB Peter Bishop 0-0: Ball
1-0: SINGLE (Flyball, 89S)
Jeff Packard to third
Alan McGilroy to second
Runner from 3rd tries for Home, SAFE, no throw
Batting: RHB Michael Elliott 0-0: SINGLE (Groundball, 4D)
Alan McGilroy to third
Peter Bishop to second
Runner from 3rd tries for Home, SAFE, no throw
Batting: RHB Dale Taylor 0-0: Ball
1-0: Foul Ball, location: 2F
1-1: Ball
2-1: Ball
3-1: Fly out, F8 (Flyball, 78D)
Bottom of the 5th over - 3 runs, 5 hits, 0 errors, 2 left on base; Springfield 5 - San Francisco 7
TOP OF THE 6TH
Springfield Stars batting - Pitching for San Francisco Bandits : RHP Jae-hyun Ch'oe
Pitching: LHP Yoshihiro Hasegawa
Batting: SHB António De La Cruz 0-0: Called Strike
0-1: Ball
1-1: SOLO HOME RUN (Flyball, 9D), Distance : 379 ft
Batting: RHB Gabriel Erwin 0-0: Ball
1-0: Foul Ball, location: 2F
1-1: SINGLE (Line Drive, 56D)
Batting: RHB Juan Carlos Rodríguez 0-0: Ball
1-0: Called Strike
1-1: Ball
2-1: Ball
3-1: Foul Ball, location: 2F
3-2: Fly out, F3 (Popup, 3SF)
Batting: RHB Norberto Taváres 0-0: Ball
1-0: Ball
2-0: Ball
Gabriel Erwin is caught stealing 2nd base
3-0: Called Strike
3-1: Foul Ball, location: 2F
3-2: Fly out, F6 (Line Drive, 6)
Top of the 6th over - 1 run, 2 hits, 0 errors, 0 left on base; Springfield 6 - San Francisco 7
BOTTOM OF THE 6TH
San Francisco Bandits batting - Pitching for Springfield Stars : RHP Hyo-chin Ch'oe
Batting: RHB Lorenzo Mota 0-0: Called Strike
0-1: Called Strike
0-2: Foul Ball, location: 2F
0-2: Strikes out swinging
Batting: RHB Javier Ramírez 0-0: Called Strike
0-1: Swinging Strike
0-2: Foul Ball, location: 2F
0-2: Strikes out looking
Batting: RHB Jeff Packard 0-0: Foul Ball, location: 2F
0-1: Swinging Strike
0-2: Foul Ball, location: 2F
0-2: Ball
1-2: Fly out, F9 (Flyball, 9LS)
Bottom of the 6th over - 0 runs, 0 hits, 0 errors, 0 left on base; Springfield 6 - San Francisco 7
TOP OF THE 7TH
Springfield Stars batting - Pitching for San Francisco Bandits : LHP Yoshihiro Hasegawa
Batting: LHB Jesús Tobías 0-0: Called Strike
0-1: Ground out 4-3 (Groundball, 4S)
Batting: LHB Derek Davidson 0-0: Ball
1-0: SINGLE (Groundball, 34D)
Batting: LHB Felipe Guerrero 0-0: Called Strike
0-1: Ball
Derek Davidson is caught stealing 2nd base
1-1: Ball
2-1: SINGLE (Flyball, 89S)
Batting: LHB Elliott Newell 0-0: Called Strike
0-1: Called Strike
0-2: Ball
Felipe Guerrero steals 2nd base
1-2: Ball
2-2: Ball
3-2: Ground out 4-3 (Groundball, 4)
Top of the 7th over - 0 runs, 2 hits, 0 errors, 1 left on base; Springfield 6 - San Francisco 7
BOTTOM OF THE 7TH
San Francisco Bandits batting - Pitching for Springfield Stars : RHP Hyo-chin Ch'oe
Pitching: LHP Anthony Erickson
Batting: LHB Chris Austin 0-0: Called Strike
0-1: Ground out 5-3 (Groundball, 56)
Pitching: LHP Cristián Escobar
Batting: RHB Owen Carter 0-0: Foul Ball, location: 2F
0-1: Ball
1-1: Swinging Strike
1-2: Strikes out swinging
Batting: LHB Alan McGilroy 0-0: SINGLE (Line Drive, 4MD)
Batting: RHB Peter Bishop 0-0: Ball
1-0: Ball
2-0: Called Strike
2-1: Swinging Strike
2-2: Foul Ball, location: 2F
2-2: Strikes out swinging
Bottom of the 7th over - 0 runs, 1 hit, 0 errors, 1 left on base; Springfield 6 - San Francisco 7
TOP OF THE 8TH
Springfield Stars batting - Pitching for San Francisco Bandits : LHP Yoshihiro Hasegawa
Now in LF: Chang-geun Kim
Batting: RHB Calvin Bennett 0-0: Ball
1-0: Ground out 6-3 (Groundball, 6)
Batting: SHB António De La Cruz 0-0: Ball
1-0: Ball
2-0: Ball
3-0: Called Strike
3-1: SINGLE (Line Drive, 6MD)
Pitching: RHP Kunihiko Daikawa
Batting: RHB Gabriel Erwin 0-0: Called Strike
0-1: Foul Ball, location: 2F
0-2: Ball
1-2: Ball
2-2: Foul Ball, location: 2F
2-2: Foul Ball, location: 2F
2-2: Ball
3-2: Foul Ball, location: 2F
3-2: Strikes out swinging
Batting: RHB Juan Carlos Rodríguez 0-0: SINGLE (Line Drive, 34)
António De La Cruz to second
Runner from 2nd tries for 3rd, SAFE, no throw
Batting: RHB Norberto Taváres 0-0: Ball
1-0: Ball
2-0: Called Strike
2-1: Called Strike
2-2: Fielders Choice at 2nd, 6-4 (Groundball, 6)
Top of the 8th over - 0 runs, 2 hits, 0 errors, 2 left on base; Springfield 6 - San Francisco 7
BOTTOM OF THE 8TH
San Francisco Bandits batting - Pitching for Springfield Stars : LHP Cristián Escobar
Batting: RHB Michael Elliott 0-0: Called Strike
0-1: Foul Ball, location: 2F
0-2: Ground out 3-1 (Groundball, 34)
Batting: RHB Dale Taylor 0-0: Ball
1-0: Fly out, F7 (Flyball, 78S)
Batting: RHB Lorenzo Mota 0-0: Ball
1-0: SINGLE (Line Drive, 9LM)
Batting: RHB Javier Ramírez 0-0: Ball
1-0: Ball
2-0: Fielders Choice at 2nd, U4 (Groundball, 4M)
Bottom of the 8th over - 0 runs, 1 hit, 0 errors, 1 left on base; Springfield 6 - San Francisco 7
TOP OF THE 9TH
Springfield Stars batting - Pitching for San Francisco Bandits : RHP Kunihiko Daikawa
Batting: LHB Jesús Tobías 0-0: Foul Ball, location: 2F
0-1: Foul Ball, location: 2F
0-2: Ball
1-2: Ball
2-2: Foul Ball, location: 2F
2-2: Ball
3-2: Base on Balls
Batting: LHB Derek Davidson 0-0: Called Strike
0-1: Ball
1-1: Ball
2-1: Foul Ball, location: 2F
2-2: Foul Ball, location: 2F
2-2: Ball
3-2: Fly out, F3 (Popup, 3S)
Batting: LHB Felipe Guerrero 0-0: Ground out 4-3 (Groundball, 34)
Jesús Tobías to second
Batting: LHB Elliott Newell 0-0: Called Strike
0-1: Ball
1-1: Ball
2-1: Swinging Strike
2-2: Foul Ball, location: 2F
2-2: Ground out 6-3 (Groundball, 6)
Top of the 9th over - 0 runs, 0 hits, 0 errors, 1 left on base; Springfield 6 - San Francisco 7
Saturday, April 7th, 2018 - OOTP Baseball 18.8 Build 76